 Dungeon Crawl Stone Soup version 0.26.1-11-gd32895ea62 (webtiles) character file.

Game seed: 10744887843265501516

54 Brecoman the Skirmisher (level 3, 0/29 HPs)
             Began as a Demonspawn Abyssal Knight on Apr 13, 2021.
             Was a Believer of Lugonu.
             Slain by Grinder (3 damage)
             ... while paralysed by Grinder
             ... on level 2 of the Dungeon.
             The game lasted 00:07:02 (2008 turns).

Brecoman the Skirmisher (Demonspawn Abyssal Knight) Turns: 2008, Time: 00:07:03

Health: 0/29       AC: 11    Str: 13    XL:     3   Next: 66%
Magic:  5/5        EV:  2    Int: 13    God:    Lugonu [**....]
Gold:   111        SH:  0    Dex: 12    Spells: 2/2 levels left

rFire    . . .     SeeInvis .   a - +1 hand axe
rCold    . . .     Faith    .   l - +0 buckler
rNeg     . . .     Spirit   .   j - +0 chain mail
rPois    .         Reflect  .   (no helmet)
rElec    .         Harm     .   (no cloak)
rCorr    .         Rampage  .   m - +0 pair of gloves
Will     .....                  (no boots)
Stlth    ..........             (no amulet)
HPRegen  0.09/turn              (no ring)
MPRegen  0.09/turn              (no ring)

@: paralysed
A: molten scales 1, spiny 1
a: Renounce Religion, Depart the Abyss, Bend Space


You were on level 2 of the Dungeon.
You worshipped Lugonu.
Lugonu was pleased with you.
You visited 1 branch of the dungeon, and saw 3 of its levels.
You visited the Abyss 1 time.

You collected 111 gold pieces.

Inventory:

Hand Weapons
 a - a +1 hand axe (weapon)
 i - a cursed -2 hand axe
Missiles
 c - 76 stones
Armour
 b - a +0 leather armour
 j - a +0 chain mail (worn)
 l - a +0 buckler (worn)
 m - a +0 pair of gloves (worn)
Scrolls
 e - 2 scrolls of enchant weapon {unknown}
 h - a scroll of teleportation {unknown}
 n - a scroll of enchant armour {unknown}
 o - a scroll of noise {unknown}
Potions
 d - 3 potions of attraction {unknown}
 f - a potion of haste
 g - 2 potions of curing {unknown}
 k - a potion of lignification {unknown}


   Skills:
 + Level 3.4 Fighting
 + Level 2.3 Axes
 - Level 1.7 Armour
 + Level 1.7 Dodging
 + Level 0.0 Shields
 + Level 3.3 Invocations


You had 2 spell levels left.
You didn't know any spells.
Your spell library was empty.

Dungeon Overview and Level Annotations

Branches:
Dungeon (3/15)

Altars:
Nemelex Xobeh
Yredelemnul

Annotations:
D:2 Grinder
D:3 1 runed translucent door, Elvor's ghost, weakling GrDe; Sigmund


Innate Abilities, Weirdness & Mutations

You are partially covered in molten scales. (AC +2)
You are partially covered in sharp spines.


Message History

Grinder is moderately wounded.
Grinder gestures at you. Pain shoots through your body!
Grinder blinks!
Grinder is struck by your spines. Grinder hits you but does no damage.
There is a stone staircase leading down here.
You hit Grinder.
Grinder is heavily wounded.
Grinder gestures at you. Pain shoots through your body!
* * * LOW HITPOINT WARNING * * *
Okay, then.
Grinder blinks!
You enter the shallow water.
Moving in this stuff is going to be slow.
Grinder gestures at you.
You suddenly lose the ability to move!
Grinder splashes around in the water.
Grinder hits you.
You die...

.# #.#.#.........#.#.# .#
#.#.#.....#####.#.#
.######.#.#...........#.#
.....##.#.#....########.#
.###.##.#.#....## #.#
####.#.≈≈≈≈≈≈≈≈≈# #.#
.......≈#≈≈≈≈≈#≈# #.#
#####.#≈#≈###≈#≈#######)#####
......#≈#≈≈≈≈≈#5@.....#.....#
......>≈≈≈≈≈≈≈≈≈......###.###
.######.##................#
......#.##............##..#
.####.#.##..#.............#
.# #†#.##..#.#.......##.## .#
#.#.....#.#.########.# .#
#.#.....#.#.# #†# )#
#.#.....#.#.# #.#


You could see Grinder.

Vanquished Creatures
  An adder (D:3)
  2 worms (D:2)
  2 dart slugs (D:1)
  An orc (D:3)
  4 giant cockroaches
  6 goblins
  3 hobgoblins
  2 kobolds (D:1)
  5 bats
  3 frilled lizards
  4 rats
33 creatures vanquished.

Notes
Turn   | Place    | Note
-------+----------+-------------------------------------------
     0 | Abyss:1  | Brecoman the Demonspawn Abyssal Knight began the quest for
                  | the Orb.
     0 | Abyss:1  | Reached XP level 1. HP: 18/18 MP: 2/2
     9 | D:1      | Escaped the Abyss
    50 | D:1      | Reached skill level 1 in Dodging
   173 | D:1      | Gained mutation: You are partially covered in molten
                  | scales. (AC +2) [demonic ancestry]
   173 | D:1      | Reached XP level 2. HP: 22/24 MP: 4/4
   963 | D:2      | Reached ** piety under Lugonu
   964 | D:2      | Gained mutation: You are partially covered in sharp spines.
                  | [demonic ancestry]
   964 | D:2      | Reached XP level 3. HP: 26/29 MP: 5/5
  1128 | D:2      | Found a sparkling altar of Nemelex Xobeh.
  1555 | D:3      | Found a runed translucent door.
  1563 | D:3      | Noticed Grinder
  1848 | D:3      | Noticed a bullfrog
  1849 | D:3      | Noticed Elvor's ghost (weakling GrDe)
  1886 | D:3      | Found a basalt altar of Yredelemnul.
  1933 | D:3      | Noticed Sigmund
  1989 | D:2      | HP: 1/29 [Grinder/nerve-wracking pain (12)]
  2005 | D:2      | Paralysed by Grinder for 4 turns
  2008 | D:2      | Slain by Grinder

Illustrated notes

Levels and vault maps discovered:
D:1:      dpeg_arrival_rooms_b, layout_basic
D:2:      layout_basic, nemelex_altar_shiori, minmay_crystal_water
D:3:      layout_rooms, lemuel_coloured_pillars_altar,
          yredelemnul_altar_generic, ebering_ghost_sewer_f, grunt_ministairs_15,
          uniq_grinder, uniq_sigmund

Skill      XL: |  1  2 |
---------------+-------+-----
Dodging        | 1 |  1.7
Axes           | 2 |  2.3
Invocations    | 3 |  3.3
Fighting       | |  3.4
Armour         | |  1.7

Action                   || total
-------------------------++-------
Melee: Hand axe          ||   104
Armor: Leather armour    ||    22
       Chain mail        ||    16
Dodge: Dodged            ||    55
Block: Buckler           ||     1
